AoeStats
← monga0410

Coastal Forest

510339378Analyzed
2v2 RM · 2d ago on Sep 30, 2026· 27m 42s· 4 players
Game mode
Random Map
Map size
Medium (4 player)
Population
200
Speed
Normal
Resources
Standard
Victory
Conquest
Starting age
Dark Age
Ending age
Imperial Age
RankedLock teamsTeams togetherTeam positionsShared explorationLock speedFull tech treeHidden civsTurbo modeCheats
Victory
Defeat
🇷🇺 Tatars · Russia
1170
+12
🇧🇷 Burmese · Brazil
1157
+14
🇹🇼 Varangians · Taiwan
1088
-13
🇹🇼 Koreans · Taiwan
1086
-13
DuentePreto
9:40 Loom
11:52 Feudal Age
11:55 Man-at-Arms
12:16 Horse Collar
19:42 Castle Age
18:07 Scale Mail Armor
18:59 Forging
19:54 Arson
19:52 Long Swordsman
21:34 Gambesons
22:32 Squires
22:49 Chain Mail Armor
24:11 Iron Casting
26:02 Pikeman
NOHCHO
8:19 Loom
10:29 Feudal Age
11:09 Double-Bit Axe
11:07 Horse Collar
12:56 Gold Mining
13:34 Fletching
16:41 Padded Archer Armor
23:35 Castle Age
24:25 Bodkin Arrow
25:25 Bow Saw
28:02 Bloodlines
28:39 Wheelbarrow
anguszheng11
10:41 Feudal Age
11:39 Loom
20:13 Castle Age
20:29 Double-Bit Axe
27:19 Crossbowman
monga0410
9:00 Loom
11:17 Feudal Age
12:04 Double-Bit Axe
12:11 Horse Collar
16:52 Wheelbarrow
18:22 Padded Archer Armor
19:37 Fletching
21:30 Town Watch
27:01 Castle Age
Connection lost

Rejoining the realm…

Still unreachable

The connection could not be restored.

Session expired

The server has moved on; the page needs a fresh start.